Map: Катализатор РВ

Players

Lambo - Winner!

  • Race: Zerg Zerg
  • Spawn Location: 11:00

bly

  • Race: Zerg Zerg
  • Spawn Location: 5:00

Event: WESG 2017 Haikou

VOD

Have the link to the VOD?

Description

Time

  • Played on: March 16, 2018, 12:22 a.m.
  • Length: 15:20

All games in this series

Show
View Real Time Build Order
Export as new Build Order

Lambo Zerg - Winner!

Build Orders: Hatch First 

Get SALT Encoding   

  12  0:01  Drone  
  13  0:13  Overlord  
  13  0:17  Drone  
  14  0:31  Drone x2  
  16  0:50  Hatchery  
  16  0:52  Drone  
  16  0:56  Drone  
  17  0:59  Drone  
  18  1:10  Extractor  
  17  1:15  Spawning Pool  
  17  1:18  Drone  
  17  1:21  Drone  
  18  1:28  Drone  
  19  1:42  Drone  
  20  1:51  Overlord  
  20  2:02  Queen x2  
  20  2:03  Zergling x2  
  20  2:04  Drone  
  26  2:09  Metabolic Boost  
  26  2:11  Drone  
  26  2:13  Drone  
  29  2:22  Drone  
  29  2:26  Drone  
  30  2:33  Zergling x2  
  31  2:39  Hatchery  
  31  2:41  Zergling x2  
  31  2:47  Overlord  
  31  2:48  Drone  
  32  2:54  Zergling x2  
  33  3:02  Evolution Chamber, Zergling x2  
  33  3:07  Drone  
  33  3:08  Drone  
  34  3:14  Drone  
  34  3:16  Drone, Overlord  
  34  3:18  Drone x2  
  38  3:22  Drone x2  
  40  3:27  Drone  
  40  3:30  Hatchery  
  40  3:33  Drone  
  41  3:35  Zerg Missile Weapons Level 1  
  41  3:38  Drone  
  42  3:45  Drone  
  42  3:47  Roach Warren, Drone  
  43  3:50  Drone  
  43  3:53  Overlord  
  43  3:54  Drone  
  45  4:00  Drone, Extractor  
  45  4:07  Drone  
  45  4:08  Drone x3  
  49  4:11  Extractor  
  49  4:13  Drone  
  49  4:24  Queen  
  49  4:27  Roach x4  
  59  4:33  Overlord  
  59  4:37  Overlord  
  58  4:41  Overlord  
  58  4:43  Roach x2  
  58  4:45  Roach  
  64  4:51  Roach  
  64  4:52  Roach x2  
  69  4:54  Roach x2  
  69  4:56  Roach  
  73  5:05  Roach x2  
  63  5:20  Roach  
  63  5:21  Roach x2  
  57  5:32  Roach  
  49  5:41  Drone x5  
  52  5:45  Queen  
  52  5:46  Drone  
  52  5:47  Drone x2  
  55  5:52  Roach x2  
  53  6:03  Drone x3  
  54  6:08  Drone  
  54  6:10  Roach x2  
  59  6:16  Roach x2  
  61  6:20  Roach  
  61  6:22  Zergling x6  
  64  6:26  Roach  
  64  6:29  Zergling x2  
  60  6:35  Roach  
  58  6:42  Roach, Zergling x2  
  59  6:47  Drone x2  
  59  6:50  Drone  
  59  6:54  Queen  
  62  7:00  Roach x2  
  68  7:03  Roach  
  68  7:07  Roach  
  69  7:16  Drone x2  
  68  7:25  Roach  
  68  7:26  Roach x3  
  68  7:27  Drone x4  
  76  7:32  Drone x2  
  76  7:36  Roach  
  78  7:44  Roach  
  78  7:45  Roach x2  
  76  7:53  Roach x4  
  76  7:56  Drone  
  82  8:01  Roach  
  82  8:04  Drone x2  
  86  8:06  Extractor  
  86  8:12  Drone x2  
  79  8:20  Roach  
  79  8:25  Roach x3  
  85  8:34  Roach x3, Zergling x8  
  77  8:37  Roach  
  75  8:41  Roach  
  75  8:44  Roach  
  75  8:47  Lair  
  69  8:54  Roach, Zergling x2  
  69  8:58  Drone  
  69  9:02  Drone  
  65  9:07  Drone  
  63  9:10  Drone  
  63  9:12  Drone  
  65  9:20  Zerg Ground Armor Level 1  
  65  9:25  Roach x2  
  64  9:32  Queen  
  64  9:43  Roach  
  64  9:44  Roach x2  
  66  9:46  Drone  
  67  9:53  Roach x2  
  67  9:56  Drone x2  
  73  10:01  Roach  
  73  10:02  Overlord  
  73  10:06  Glial Reconstitution  
  73  10:11  Roach  
  67  10:16  Roach x2  
  67  10:19  Roach  
  65  10:25  Roach x2  
  63  10:31  Roach x2  
  63  10:34  Roach  
  66  10:36  Roach  
  68  10:45  Roach x3  
  68  10:49  Roach  
  68  10:51  Roach  
  68  10:54  Roach  
  72  10:58  Roach  
  72  11:04  Roach x2  
  78  11:07  Roach  
  82  11:11  Roach  
  82  11:17  Zerg Missile Weapons Level 2  
  82  11:19  Roach  
  82  11:26  Roach  
  82  11:28  Roach  
  82  11:32  Roach x2  
  82  11:37  Drone x2  
  74  11:45  Roach x3  
  70  11:53  Drone x2  
  70  11:54  Drone x2  
  74  11:59  Roach  
  76  12:04  Roach  
  76  12:09  Roach x2  
  77  12:23  Roach x3  
  83  12:33  Hatchery  
  82  12:39  Roach x2  
  82  12:43  Roach  
  84  12:53  Ravager x2  
  84  12:55  Ravager  
  84  12:56  Roach x2, Ravager  
  92  12:59  Overlord  
  89  13:06  Roach  
  89  13:07  Roach  
  89  13:11  Roach  
  90  13:17  Roach  
  90  13:25  Roach x3  
  82  13:40  Roach  
  80  13:54  Roach  
  66  14:06  Roach  
  63  14:12  Roach  
  63  14:16  Ravager  
  63  14:23  Roach  
  61  14:31  Roach  
  61  14:33  Ravager  
  63  14:39  Roach  
  65  14:49  Ravager  
  65  14:51  Roach  
Show
View Real Time Build Order
Export as new Build Order

bly Zerg 

Build Orders: Hatch First, Roach Nydus 

Get SALT Encoding   

  12  0:01  Drone  
  13  0:12  Overlord  
  13  0:16  Drone  
  14  0:31  Drone x2  
  14  0:35  Drone  
  17  0:52  Hatchery  
  16  0:57  Drone  
  16  0:59  Drone  
  16  1:01  Extractor  
  17  1:13  Spawning Pool  
  17  1:16  Drone  
  17  1:20  Drone  
  18  1:28  Drone  
  19  1:39  Overlord  
  19  2:00  Queen  
  21  2:01  Zergling x4  
  21  2:03  Queen  
  21  2:04  Zergling x2  
  26  2:12  Drone  
  27  2:16  Drone  
  28  2:24  Drone  
  28  2:29  Drone  
  30  2:33  Drone  
  30  2:37  Drone  
  32  2:40  Queen  
  32  2:41  Lair  
  34  2:49  Overlord  
  34  2:52  Drone  
  34  2:56  Roach Warren  
  34  3:02  Evolution Chamber  
  32  3:14  Drone x2  
  33  3:20  Drone x2  
  33  3:21  Drone x4  
  33  3:25  Extractor  
  33  3:26  Extractor  
  37  3:28  Drone x2  
  37  3:34  Evolution Chamber  
  37  3:39  Overlord  
  37  3:46  Nydus Network  
  36  4:01  Roach x5  
  50  4:10  Roach x2  
  50  4:14  Roach  
  50  4:17  Overlord  
  52  4:27  Nydus Canal  
  52  4:31  Overlord  
  52  4:35  Roach  
  54  4:39  Roach  
  54  4:40  Roach  
  58  5:05  Roach x5  
  64  5:17  Roach x3  
  64  5:21  Roach x2  
  64  5:22  Glial Reconstitution  
  58  5:40  Roach x4  
  58  5:41  Roach  
  58  5:47  Roach  
  56  5:57  Roach x2  
  58  5:58  Queen  
  56  6:09  Roach x2  
  56  6:21  Roach x2  
  56  6:31  Roach x2  
  50  6:44  Nydus Canal  
  50  6:45  Roach x4  
  58  6:50  Roach x2  
  58  6:53  Roach  
  64  7:03  Roach x2  
  64  7:06  Nydus Canal  
  68  7:26  Nydus Canal  
  66  7:33  Roach  
  68  7:37  Overlord  
  68  7:38  Overlord x2  
  62  7:56  Nydus Canal  
  62  7:57  Roach x7  
  76  8:01  Ravager  
  69  8:13  Roach  
  69  8:14  Roach x3  
  73  8:30  Roach x2  
  73  8:32  Roach  
  73  8:33  Roach x2  
  72  8:46  Roach x3  
  68  8:58  Roach x2  
  62  9:05  Roach x2  
  62  9:10  Roach x2  
  62  9:15  Roach  
  62  9:16  Roach  
  64  9:28  Roach x2  
  66  9:35  Nydus Canal  
  66  9:38  Roach  
  62  9:48  Roach x2  
  66  9:55  Roach x2  
  70  10:07  Roach  
  70  10:08  Roach x2  
  70  10:11  Roach  
  72  10:18  Roach x2  
  66  10:35  Roach x5  
  76  10:38  Roach  
  78  10:49  Roach x2  
  74  10:54  Roach x2  
  78  11:02  Nydus Canal  
  78  11:04  Roach x2  
  82  11:19  Roach x3  
  86  11:27  Roach  
  86  11:28  Roach x2  
  86  11:31  Roach  
  80  11:39  Nydus Canal  
  70  11:41  Roach  
  58  11:53  Roach x3  
  60  12:15  Roach x6  
  66  12:26  Roach x2  
  66  12:27  Roach x2  
  74  12:36  Queen  
  64  12:45  Roach x3  
  64  12:51  Nydus Canal  
  68  12:56  Roach  
  70  13:09  Roach x2  
  70  13:10  Roach x2  
  72  13:20  Roach x2  
Tags
 
Add a new tag
Caveats
  • Supply blocks, unpowered buildings, or Contaminate may cause inaccurate times.
  • Supply counts are checked every 10 seconds.